 Dungeon Crawl Stone Soup version 0.28.0-45-g0d030f2227 (webtiles) character file.

Game seed: 11496301070963554393

287 Ablot the Cutter (level 6, -1/47 HPs)
             Began as a Gnoll Chaos Knight on Apr 16, 2022.
             Was a Plaything of Xom.
             Slain by a gnoll shaman
             ... wielding a +0 whip
              (7 damage)
             ... on level 4 of the Dungeon.
             The game lasted 00:03:37 (2885 turns).

Ablot the Cutter (Gnoll Chaos Knight)               Turns: 2885, Time: 00:03:38

Health: -1/47      AC:  5    Str: 13    XL:     6   Next: 30%
Magic:  8/8        EV: 12    Int: 12    God:    Xom [*.....]
Gold:   93         SH:  0    Dex: 11    Spells: 8/8 levels left

rFire   . . .      SeeInvis .   a - +0 short sword (chaos)
rCold   . . .      Faith    .   (no shield)
rNeg    . . .      Spirit   .   b - +2 leather armour
rPois   .          Reflect  .   (no helmet)
rElec   .          Harm     .   (no cloak)
rCorr   .          Rampage  .   (no gloves)
Will    .....                   (no boots)
Stlth   ++........              (no amulet)
HPRegen 0.15/turn               (no ring)
MPRegen 0.11/turn               (no ring)

@: no status effects
A: fangs 1, strong nose, distributed training, frail 1
a: Renounce Religion


You were on level 4 of the Dungeon.
You worshipped Xom.
You were a special plaything of Xom.
You visited 1 branch of the dungeon, and saw 4 of its levels.

You collected 93 gold pieces.

Inventory:

Hand Weapons
 a - a +0 short sword of chaos (weapon)
Missiles
 c - 2 javelins (quivered)
 d - 33 arrows
 e - 87 stones
 l - 4 curare-tipped darts
 m - a boomerang
Armour
 b - a +2 leather armour (worn)
Wands
 k - a wand of polymorph (14)
Scrolls
 h - a scroll of enchant weapon {unknown}
 j - 3 scrolls of identify {unknown}
 n - a scroll of vulnerability {unknown}
 o - a scroll of immolation {unknown}
Potions
 f - 4 potions of heal wounds {unknown}
 g - 2 potions of haste {unknown}
 i - 2 potions of berserk rage {unknown}


   Skills:
 + Level 6.8 Fighting
 + Level 6.8 Short Blades
 + Level 1.9 Long Blades
 + Level 1.9 Axes
 + Level 1.9 Maces & Flails
 + Level 1.9 Polearms
 + Level 1.9 Staves
 + Level 1.9 Slings
 + Level 1.9 Bows
 + Level 1.9 Crossbows
 + Level 1.9 Throwing
 + Level 4.9 Armour
 + Level 3.2 Dodging
 + Level 1.9 Stealth
 + Level 1.9 Shields
 + Level 1.9 Unarmed Combat
 + Level 1.9 Spellcasting
 + Level 1.5 Conjurations
 + Level 1.5 Hexes
 + Level 1.5 Summonings
 + Level 1.5 Necromancy
 + Level 1.5 Translocations
 + Level 1.5 Transmutations
 + Level 1.5 Fire Magic
 + Level 1.5 Ice Magic
 + Level 1.5 Air Magic
 + Level 1.5 Earth Magic
 + Level 1.5 Poison Magic
 + Level 2.1 Invocations
 + Level 1.9 Evocations


You had 8 spell levels left.
You didn't know any spells.
Your spell library contained the following spells:

 Spells                   Type           Power      Damage    Failure   Level
 Freezing Cloud           Conj/Ice/Air   2%         6-21      99%         5
 Simulacrum               Ice/Necr       2%         N/A       100%        6
 Polar Vortex             Ice            2%         N/A       100%        9


Dungeon Overview and Level Annotations

Branches:
Dungeon (4/15)
 Temple: D:4-7

Altars:
Qazlal


Innate Abilities, Weirdness & Mutations

You have very sharp teeth.
Your uncanny sense of smell can sniff out nearby items.
Your experience applies equally to all skills.
You are frail. (-10% HP)


Message History

The gnoll seems to speed up.
You hit the gnoll. You freeze the gnoll.
You kill the gnoll!
Unknown command.
Throw: 5 darts (curare)
Press: ? - help, Q - select action, (/) - cycle Shift-Dir - straight line, f - gnoll
Aim: a gnoll, wielding a +0 spear (63% to hit)
You throw a curare-tipped dart. The curare-tipped dart hits the gnoll.
The gnoll is poisoned.
The gnoll convulses.
The gnoll seems to slow down.
The gnoll is almost dead.
Throw: 5 javelins
Press: ? - help, Q - select action, (/) - cycle Shift-Dir - straight line, f - gnoll, p - gnoll
Aim: a gnoll, wielding a +0 flail (63% to hit)
You throw a javelin. The javelin pierces through the gnoll.
The gnoll is almost dead.
The javelin pierces through the gnoll!
You kill the gnoll!
The javelin pierces through the gnoll!
The gnoll is almost dead.
You hear something call down the wrath of a god upon the gnoll.
The gnoll is healed somewhat.
Unknown command.
Throw: 4 javelins
Press: ? - help, Q - select action, (/) - cycle Shift-Dir - straight line, f/p - gnoll
Aim: a gnoll, wielding a +0 flail (almost dead, 63% to hit)
You throw a javelin. The javelin pierces through the gnoll!
You kill the gnoll!
The javelin pierces through the gnoll.
You kill the gnoll!
Unknown command.
Unknown command.
Throw: 3 javelins
Press: ? - help, Q - select action, (/) - cycle Shift-Dir - straight line, f - orc
Aim: an orc, wielding a +0 club, wearing a +0 leather armour and quivering boomerangs (59% to hit)
You throw a javelin.
The javelin pierces through the gnoll but does no damage.
The javelin barely misses the orc.
Something hits you!
You die...

.........#.#...........# #.#
..[..........##.#####.######
#.# .........................#
#.#
..........####.####.####.###.#
..........# #.# #.# #......
..........# #.# #.# #####.#
.........!# #.# #.# #.#
..........####.####.# #.#
.........gJg{@......# #.#
.......).o)###.###### #.#
..(...(...####.# #.#
...............# #.#
...........##### ..........##
..........# ...........
.........#


You could see 2 gnolls, an orc and an endoplasm.

Vanquished Creatures
  Menkaure (D:4)
  A hound (D:4)
  5 gnolls (D:4)
  3 adders
  4 dart slugs
  3 orcs (D:3)
  3 ball pythons
  5 endoplasms
  3 giant cockroaches
  4 goblins
  4 hobgoblins
  3 quokkas
  5 bats
  2 frilled lizards
  5 kobolds
  A quokka skeleton (D:4)
  A rat (D:3)
53 creatures vanquished.

Notes
Turn   | Place    | Note
-------+----------+-------------------------------------------
     0 | D:1      | Ablot the Gnoll Chaos Knight began the quest for the Orb.
     0 | D:1      | Reached XP level 1. HP: 23/23 MP: 1/1
   129 | D:1      | Reached XP level 2. HP: 27/29 MP: 2/2
   784 | D:2      | XOM: silly message
   929 | D:2      | Reached XP level 3. HP: 32/35 MP: 3/3
  1232 | D:2      | XOM: give mutations
  1232 | D:2      | Gained mutation: You are frail. (-10% HP) [Xom's mischief]
  1232 | D:2      | Gained mutation: You are weak. (Str -2) [Xom's mischief]
  1232 | D:2      | Lost mutation: You are weak. (Str -2) [Xom's mischief]
  1400 | D:2      | Reached skill level 1 in Invocations
  1403 | D:2      | XOM: noise
  1406 | D:2      | Reached skill level 1 in Long Blades
  1406 | D:2      | Reached skill level 1 in Axes
  1406 | D:2      | Reached skill level 1 in Maces & Flails
  1406 | D:2      | Reached skill level 1 in Polearms
  1406 | D:2      | Reached skill level 1 in Staves
  1406 | D:2      | Reached skill level 1 in Slings
  1406 | D:2      | Reached skill level 1 in Bows
  1406 | D:2      | Reached skill level 1 in Crossbows
  1406 | D:2      | Reached skill level 1 in Throwing
  1406 | D:2      | Reached skill level 1 in Stealth
  1406 | D:2      | Reached skill level 1 in Shields
  1406 | D:2      | Reached skill level 1 in Unarmed Combat
  1406 | D:2      | Reached skill level 1 in Spellcasting
  1406 | D:2      | Reached skill level 1 in Evocations
  1679 | D:3      | Reached XP level 4. HP: 28/36 MP: 5/5
  1692 | D:3      | XOM: 1-stop teleportation journey
  1907 | D:3      | XOM: summons 1 hostile demon
  2062 | D:3      | XOM: 3-stop teleportation journey
  2222 | D:3      | Found a stormy altar of Qazlal.
  2407 | D:4      | Reached skill level 1 in Conjurations
  2407 | D:4      | Reached skill level 1 in Hexes
  2407 | D:4      | Reached skill level 1 in Summonings
  2407 | D:4      | Reached skill level 1 in Necromancy
  2407 | D:4      | Reached skill level 1 in Translocations
  2407 | D:4      | Reached skill level 1 in Transmutations
  2407 | D:4      | Reached skill level 1 in Fire Magic
  2407 | D:4      | Reached skill level 1 in Ice Magic
  2407 | D:4      | Reached skill level 1 in Air Magic
  2407 | D:4      | Reached skill level 1 in Earth Magic
  2407 | D:4      | Reached skill level 1 in Poison Magic
  2434 | D:4      | Noticed Menkaure
  2451 | D:4      | Killed Menkaure
  2452 | D:4      | Reached XP level 5. HP: 16/42 MP: 5/7
  2452 | D:4      | Reached XP level 6. HP: 18/47 MP: 5/8
  2521 | D:4      | XOM: 2-stop teleportation journey
  2526 | D:4      | XOM: silly message
  2885 | D:4      | Slain by a gnoll shaman

Illustrated notes

Levels and vault maps discovered:
D:1:      dpeg_arrival_stonehenge_12_columns, layout_basic, dk_noncrumbling_2
D:2:      layout_loops_cross, serial_bayou_pond_e, solitary_fountain
D:3:      layout_basic, mainiacjoe_overflow_cross_hatched, minmay_diced_spiral
D:4:      layout_loops_ring, roderic_batcave, hex_medium, wad_floor_pattern_1,
          uniq_menkaure

Skill      XL: |  1  2  3  4 |
---------------+-------------+-----
Invocations    | 1 2 |  2.1
Long Blades    | 1 |  1.9
Axes           | 1 |  1.9
Maces & Flails | 1 |  1.9
Polearms       | 1 |  1.9
Staves         | 1 |  1.9
Slings         | 1 |  1.9
Bows           | 1 |  1.9
Crossbows      | 1 |  1.9
Throwing       | 1 |  1.9
Stealth        | 1 |  1.9
Shields        | 1 |  1.9
Unarmed Combat | 1 |  1.9
Spellcasting   | 1 |  1.9
Evocations     | 1 |  1.9
Conjurations   | 1 |  1.5
Hexes          | 1 |  1.5
Summonings     | 1 |  1.5
Necromancy     | 1 |  1.5
Translocations | 1 |  1.5
Transmutations | 1 |  1.5
Fire Magic     | 1 |  1.5
Ice Magic      | 1 |  1.5
Air Magic      | 1 |  1.5
Earth Magic    | 1 |  1.5
Poison Magic   | 1 |  1.5
Dodging        | 3 |  3.2
Fighting       | |  6.8
Short Blades   | |  6.8
Armour         | |  4.9

Action                   |  1- 3 |  4- 6 || total
-------------------------+-------+-------++-------
Melee: Short sword       |   112 |   100 ||   212
       Bite              |     6 |     8 ||    14
       Punch             |       |     2 ||     2
Throw: Javelin           |       |     3 ||     3
       Dart              |       |     2 ||     2
 Stab: Paralysed         |     2 |       ||     2
       Sleeping          |     1 |       ||     1
       Petrified         |       |     2 ||     2
Armor: Leather armour    |    36 |    20 ||    56
Dodge: Dodged            |    41 |    48 ||    89
